 Dungeon Crawl Stone Soup version 0.29-a0-473-gacb4ef3bc5 (webtiles) character file.

Game seed: 9233158595289154384

16 Lekart the Skirmisher (level 2, 0/26 HPs)
             Began as a Draconian Chaos Knight on May 23, 2022.
             Was a Plaything of Xom.
             Slain by an orc
             ... wielding a +0 war axe
              (3 damage)
             ... on level 1 of the Dungeon.
             The game lasted 00:01:37 (1009 turns).

Lekart the Skirmisher (Draconian Chaos Knight)      Turns: 1009, Time: 00:01:38

Health: 0/26       AC:  6    Str: 14      XL:     2   Next: 37%
Magic:  2/2        EV: 11    Int: 12      God:    Xom [*.....]
Gold:   63         SH:  0    Dex:  5 (10) Spells: 1/1 levels left

rFire   . . .      SeeInvis .   a - +0 falchion (chaos)
rCold   . . .      Faith    .   (no shield)
rNeg    . . .      Spirit   .   (body armour unavailable)
rPois   .          Reflect  .   d - +1 hat
rElec   .          Harm     .   e - +0 cloak
rCorr   .          Rampage  .   (no gloves)
Will    .....                   (no boots)
Stlth   +.........              (no amulet)
HPRegen 0.08/turn               (no ring)
MPRegen 0.08/turn               (no ring)

@: no status effects
A: AC +4, unfitting armour, cold-blooded
a: Renounce Religion


You were on level 1 of the Dungeon.
You worshipped Xom.
You were a special plaything of Xom.
You visited 1 branch of the dungeon, and saw 2 of its levels.

You collected 63 gold pieces.

Inventory:

Hand Weapons
 a - a +0 falchion of chaos (weapon)
Armour
 d - a +1 hat (worn)
 e - a +0 cloak (worn)
Scrolls
 c - a scroll of amnesia {unknown}
 g - 2 scrolls of identify {unknown}
 h - a scroll of immolation {unknown}
Potions
 f - a potion of mutation {unknown}
 i - a potion of resistance {unknown}
Miscellaneous
 b - a piece from Xom's chessboard (inert) (quivered)


   Skills:
 + Level 3.6 Fighting
 + Level 3.3 Long Blades
 + Level 2.3 Dodging


You had one spell level left.
You didn't know any spells.
Your spell library was empty.

Dungeon Overview and Level Annotations

Branches:
Dungeon (2/15)

Altars:


Innate Abilities, Weirdness & Mutations

Your plain brown scales are hard. (AC +4)
You cannot fit into any form of body armour.
You are cold-blooded and may be slowed by cold attacks.


Message History

The orc hits you with a +0 war axe.
The orc wizard hits you but does no damage.
You closely miss the orc wizard. The orc barely misses you.
The orc wizard hits you with a +0 dagger of freezing.
You feel yourself slow down. The orc wizard freezes you.
You emit a cloud of colourful smoke!
You closely miss the orc wizard.
Your tail-slap misses the orc wizard.
The orc hits you with a +0 war axe!
A shower of butterflies erupts from you!
The orc wizard closely misses you. The orc closely misses you.
The orc misses your butterfly. x2
The orc completely misses your butterfly.
The orc wizard hits you with a +0 dagger of freezing.
You feel as though you will be slow longer.
The orc wizard freezes you.
You are too injured to fight recklessly!
You are too injured to fight recklessly!
You are too injured to fight recklessly!
You closely miss the orc. The orc hits you with a +0 war axe.
The orc closely misses your butterfly.
The orc wizard hits you with a +0 dagger of freezing.
* * * LOW HITPOINT WARNING * * *
You feel as though you will be slow longer.
The orc wizard freezes you.
* * * LOW HITPOINT WARNING * * *
Okay, then.
The orc hits you but does no damage.
The orc completely misses your butterfly.
The orc wizard casts a spell.
The orc wizard flickers and vanishes!
Deactivating autopickup; reactivate with Ctrl-A.
The orc barely misses you. The orc closely misses your butterfly.
Something hits you but does no damage.
You feel yourself speed up. The orc barely misses you.
The orc attacks as you move away! The orc closely misses you.
The orc attacks as you move away! The orc hits you with a +0 war axe.
* * * LOW HITPOINT WARNING * * *
The orc attacks as you move away! The orc hits you with a +0 war axe.
You die...

#.####..b#.##...####
######................
#....#.#.....########.
#.#.##.#>bbbb.........
#.#.##{#....#.........
#.#....#.####.########
#....#.#.# #...#.....
####o###.# ###.#.....
#.@.#.######.#...#.
###.#........#####.
#..........'.....
####.......######
#.......# # #########
#### ########...
#.........#
######..........


You could see an orc.

Vanquished Creatures
  A ball python (D:1)
  2 bats (D:1)
  An endoplasm (D:1)
  2 giant cockroaches (D:1)
  3 hobgoblins (D:1)
  3 frilled lizards (D:1)
  A rat (D:1)
13 creatures vanquished.

Notes
Turn   | Place    | Note
-------+----------+-------------------------------------------
     0 | D:1      | Lekart the Draconian Chaos Knight began the quest for the
                  | Orb.
     0 | D:1      | Reached XP level 1. HP: 19/19 MP: 1/1
   114 | D:1      | XOM is BORED!
   114 | D:1      | XOM: silly message
   256 | D:1      | Reached XP level 2. HP: 25/26 MP: 2/2
   622 | D:1      | XOM: summons 2 hostile demons
   860 | D:1      | XOM: scenery: 1 doors close
   997 | D:1      | XOM: smoke on damage
   998 | D:1      | XOM: butterfly on damage
  1009 | D:1      | Slain by an orc

Illustrated notes

Levels and vault maps discovered:
D:1:      dpeg_arrival_another_circle, layout_basic
D:2:      layout_loops_ring, basic_altar, dreamdust_ecumenical_altar_grove,
          uniq_jessica

Action                   || total
-------------------------++-------
Melee: Falchion          ||    45
       Tailslap          ||     2
Evoke: Piece from Xom's  ||    15
 Stab: Confused          ||     1
       Petrified         ||     1
       Paralysed         ||     1
Armor: Skin              ||    58
Dodge: Dodged            ||    67

Table legend: (Time is in decaauts)
 A = Elapsed time spent in this place.
 B = Non-inter-level travel time spent in this place.
 C = Inter-level travel time spent in this place.
 D = Time resting spent in this place.
 E = Time spent auto-exploring this place.
 F = Levels seen in this place.
 G = Mean time per level.
                   A        B        C        D        E       F      G
               +--------+--------+--------+--------+--------+-----+--------+
         Total |   1018 |   1007 |     11 |    123 |    694 |   2 |  509.0 |
       Dungeon |   1018 |   1007 |     11 |    123 |    694 |   2 |  509.0 |
               +--------+--------+--------+--------+--------+-----+--------+

Top non-repeatable levels by time:
     D:1: 1015 daAuts
     D:2: 2 daAuts
